 Dungeon Crawl Stone Soup version 0.31-b1-17-gcfd88c8481 (webtiles) character file.

Game seed: 1739105253575447069

12054 hawla the Gouger (level 11, -3/53 HPs)
             Began as a Felid Shapeshifter on Jan 15, 2024.
             Was an Elder of Makhleb.
             Slain by an orc
             ... wielding a +0 trident
             ... led by an orc warlord
              (11 damage)
             ... on level 2 of the Orcish Mines.
             The game lasted 00:32:47 (10661 turns).

hawla the Gouger (Felid Shapeshifter)              Turns: 10661, Time: 00:32:48

Health: -3/53      AC:  6    Str: 14    XL:     11   Next: 57%
Magic:  14/14      EV: 23    Int: 14    God:    Makhleb [****..]
Gold:   632        SH:  0    Dex: 16    Spells: 10/10 levels left
                                        Lives:  0   Deaths: 4

rFire   . .          .
                       - Unarmed
rCold   . . .        (shield unavailable)
rNeg    + . .        (body armour unavailable)
rPois   .            (helmet unavailable)
rElec   .            (cloak unavailable)
rCorr   .            (gloves unavailable)
SInv    +            (boots unavailable)
Will    ++...        r - amulet of the acrobat
Stlth   +++          f - ring of positive energy
HPRegen 0.28/turn    p - +4 ring of protection
MPRegen 0.14/turn

%: acrobat, clarity
@: lethally poisoned (-3 -> -24), blade hands, studying Shapeshifting
A: very small, (claws 1), fangs 3, see invisible, shaggy fur 2, (stealthy paws),
no weapons or thrown items, no armour, multi-lived, clarity, strong-willed 1
a: Begin Untransformation, Renounce Religion, Minor Destruction, Lesser Servant
of Makhleb, Major Destruction


You were on level 2 of the Orcish Mines.
You worshipped Makhleb.
Makhleb was greatly pleased with you.
You had blades for front paws.
You visited 3 branches of the dungeon, and saw 13 of its levels.
You also visited: Ossuary.

You collected 922 gold pieces.
You spent 290 gold pieces at shops.

Inventory:

Jewellery
 f - a ring of positive energy (left blade hand)
 p - a +4 ring of protection (right blade hand)
 r - an amulet of the acrobat (around neck)
 w - a ring of ice
Talismans
 b - a beast talisman
 c - a flux talisman
 s - a blade talisman (active)
 x - a serpent talisman
Wands
 j - a wand of light (11)
 n - a wand of flame (14)
 A - a wand of charming (8)
Scrolls
 a - 2 scrolls of poison
 m - 3 scrolls of identify
 t - 6 scrolls of fog
 u - a scroll of vulnerability
Potions
 e - a potion of cancellation
 g - a potion of curing
 h - 2 potions of heal wounds
 i - 2 potions of haste
 k - 2 potions of enlightenment
 l - 2 potions of berserk rage
 o - 2 potions of brilliance
 q - a potion of might
 z - a potion of lignification


   Skills:
 + Level 3.7 Fighting
 + Level 9.8 Dodging
 + Level 4.3 Stealth
 + Level 13.0 Unarmed Combat
 + Level 3.1 Invocations
 + Level 4.0 Evocations
 + Level 10.9 Shapeshifting


You had 10 spell levels left.
You didn't know any spells.
Your spell library was empty.

Dungeon Overview and Level Annotations

Branches:
Dungeon (10/15)            Temple (1/1) D:6            Lair (0/5) D:10
    Orc (2/2) D:10            Elf (0/3) Orc:2       Ossuary (visited)

Altars:
Ashenzari
Cheibriados
Dithmenos
Elyvilon
Fedhas
Gozag
Hepliaklqana
Kikubaaqudgha
Makhleb
Nemelex Xobeh
Okawaru
Qazlal
Ru
Sif Muna
Trog
Uskayaw
Vehumet
Wu Jian
Xom
Yredelemnul
Zin
The Shining One

Shops:
D:1 !   Orc:2 ?

Annotations:
Temple 2 transporters


Innate Abilities, Weirdness & Mutations

You have blades for front paws.
((You have sharp claws.))
You have razor-sharp teeth.
You have supernaturally acute eyesight. (SInv)
You are covered in thick fur. (AC +2)
((Your paws help you pounce on unaware monsters.))
You are incapable of wielding weapons or throwing items.
You cannot wear armour.
You gain extra lives every three experience levels.
You possess an exceptional clarity of mind.
You are strong-willed. (Will+)


Message History

The orc warrior completely misses you.
The orc warlord roars a battlecry!
The orc warriors go into a battle-frenzy!
You hear a shout!
You slash the orc warrior!
The orc warrior is heavily wounded.
The orc warrior completely misses you.
You barely miss the orc warrior. You slash the orc warrior.
You bite the orc warrior, but do no damage.
The orc warrior is severely wounded.
The orc no longer looks unusually strong.
The orc completely misses you. The orc warrior barely misses you.
The orc warrior completely misses you.
You hit the orc warrior but do no damage.
The orc warrior is severely wounded.
The orc warlord roars a battlecry!
The orc goes into a battle-frenzy!
The orc hits you from afar with a +0 trident.
An orc warrior comes into view. It is wielding a +0 dire flail.
The orc warrior hits you with a +0 flail!
The orc warrior completely misses you.
You closely miss the orc warrior.
The orc warrior is severely wounded.
You slice the orc warrior!!
You kill the orc warrior!
Makhleb accepts your kill.
You feel better. The orc warrior completely misses you.
Your Unarmed Combat skill increases to level 13!
You slice the orc warrior!!
The orc warrior is almost dead.
The orc warrior closely misses you.
You slice the orc!!
You kill the orc!
Makhleb accepts your kill.
You feel better.
The orc warlord hits you from afar with a +2 halberd of venom!
* * * LOW HITPOINT WARNING * * *
You are lethally poisoned!
The orc hits you from afar with a +0 trident!
You die...

.... #.....
###...... #........
##.......
###......# ....
#.#....# #....
#.@)o.## #.......#
###ooO.###.........
###....#.....#...
###.........#...
#...........#...
###......### #..
##.....# #.
........# #
#........# #


You could see an orc warlord, an orc warrior (strong), an ogre and an orc
(strong).

Vanquished Creatures
  A two-headed ogre (D:8)
  2 orc high priests (Orc:1)
  An orc knight (Orc:1)
  An orc sorcerer (Orc:2)
  Jeremiah (D:9)
  Maggie (D:9)
  3 trolls
  2 wyverns
  4 vampire mosquitoes
  2 wraiths
  2 steam dragons
  3 wargs
  4 water moccasins
  15 orc warriors
  An ice beast (D:6)
  4 sky beasts
  5 ogres
  A black bear (D:8)
  A centaur (D:8)
  2 wolves (D:10)
  A kobold brigand (D:7)
  5 bullfrogs
  4 scorpions
  A burial acolyte (Ossuary)
  8 wights
  14 killer bees
  A howler monkey (D:7)
  15 orc priests
  A gnoll bouda (D:6)
  7 hounds
  A jelly (D:8)
  3 iguanas
  22 orc wizards
  A statue (D:7)
  12 adders
  8 gnolls
  A shadow imp (D:5)
  3 adder skeletons (Ossuary)
  A ribbon worm (D:9)
  4 dart slugs
  64 orcs
  6 ball pythons
  5 bats
  7 endoplasms
  4 giant cockroaches
  A gnoll zombie (D:5)
  5 goblins
  7 hobgoblins
  16 kobolds
  2 quokkas
  3 frilled lizards
  2 hobgoblin skeletons (Ossuary)
  2 kobold skeletons (Ossuary)
  An orc skeleton (Ossuary)
  An orc zombie (D:5)
  5 rats
300 creatures vanquished.

Vanquished Creatures (collateral kills)
  2 orc warriors (Orc:1)
  2 orcs (Orc:1)
4 creatures vanquished.

Grand Total: 304 creatures vanquished

Notes
Turn   | Place    | Note
-------+----------+-------------------------------------------
     0 | D:1      | hawla the Felid Shapeshifter began the quest for the Orb.
     0 | D:1      | Reached XP level 1. HP: 10/10 MP: 2/2
    73 | D:1      | Reached XP level 2. HP: 12/14 MP: 3/3
   114 | D:1      | Found Ceoph's Distillery.
   668 | D:2      | Reached XP level 3. HP: 18/18 MP: 4/4
   894 | D:2      | Found a faded altar of an unknown god.
  1426 | D:3      | Gained mutation: You have a pair of small horns on your
                  | head. [potion of mutation]
  1426 | D:3      | Gained mutation: You are vulnerable to heat. (rF-) [potion
                  | of mutation]
  1426 | D:3      | Gained mutation: You are weak. (Str -2) [potion of
                  | mutation]
  1427 | D:3      | Lost mutation: You have a pair of small horns on your head.
                  | [potion of mutation]
  1427 | D:3      | Lost mutation: You are vulnerable to heat. (rF-) [potion of
                  | mutation]
  1427 | D:3      | Lost mutation: You are weak. (Str -2) [potion of mutation]
  1427 | D:3      | Gained mutation: You possess an exceptional clarity of
                  | mind. [potion of mutation]
  1427 | D:3      | Gained mutation: You are strong-willed. (Will+) [potion of
                  | mutation]
  1504 | D:3      | Found a sacrificial altar of Ru.
  1525 | D:3      | Reached XP level 4. HP: 20/22 MP: 5/5
  1525 | D:3      | Gained a life (2 lives remaining)
  1737 | D:3      | Reached skill level 1 in Stealth
  1737 | D:3      | Reached skill level 4 in Unarmed Combat
  1991 | D:3      | Found a stormy altar of Qazlal.
  2165 | D:4      | Noticed a scorpion
  2171 | D:4      | Killed a scorpion
  2172 | D:4      | Reached XP level 5. HP: 15/25 MP: 6/6
  2478 | D:4      | Found a hide-covered altar of Uskayaw.
  2890 | D:4      | Killed from afar by an orc wizard
  2890 | D:4      | Lost a life (1 life remaining)
  3024 | D:4      | Gained mutation: You are covered in thick fur. (AC +2)
                  | [Felid growth]
  3024 | D:4      | Reached XP level 6. HP: 30/30 MP: 7/7
  3069 | D:5      | Entered Level 5 of the Dungeon
  3073 | D:5      | Reached skill level 5 in Unarmed Combat
  3076 | D:5      | Identified a scroll of acquirement
  3076 | D:5      | Acquired a manual of Shapeshifting
  3249 | D:5      | Found a sand-covered staircase.
  3261 | Ossuary  | Entered an ossuary
  3448 | Ossuary  | Reached XP level 7. HP: 14/33 MP: 8/8
  3448 | Ossuary  | Gained a life (2 lives remaining)
  3450 | Ossuary  | Mangled by a wight
  3450 | Ossuary  | Lost a life (1 life remaining)
  3472 | Ossuary  | Reached skill level 6 in Unarmed Combat
  3472 | Ossuary  | Reached skill level 5 in Shapeshifting
  3698 | D:5      | Found a blossoming altar of Fedhas.
  3814 | D:5      | Reached skill level 5 in Dodging
  3925 | D:5      | Reached skill level 7 in Unarmed Combat
  4036 | D:5      | Found a shadowy altar of Dithmenos.
  4119 | D:6      | Reached XP level 8. HP: 37/39 MP: 9/9
  4134 | D:6      | Found a hazy altar of Hepliaklqana.
  4135 | D:6      | Found a shimmering altar of Xom.
  4136 | D:6      | Noticed a spectral ugly thing
  4304 | D:6      | Reached skill level 1 in Evocations
  4491 | D:6      | Found a basalt altar of Yredelemnul.
  4497 | D:6      | Found a glowing golden altar of the Shining One.
  4499 | D:6      | Noticed an angel
  4763 | D:6      | Found a staircase to the Ecumenical Temple.
  4776 | Temple   | Found a transporter.
  4776 | Temple   | Found a transporter.
  4776 | Temple   | Found a transporter.
  4776 | Temple   | Found a transporter.
  4776 | Temple   | Entered the Ecumenical Temple
  4798 | Temple   | Became a worshipper of Makhleb the Destroyer
  4864 | D:6      | Reached skill level 8 in Unarmed Combat
  4964 | D:6      | Identified the +4 glaive of Atuot {freeze, rN+ MP+9}
  5024 | D:7      | Reached XP level 9. HP: 39/42 MP: 10/10
  5243 | D:7      | Reached skill level 9 in Unarmed Combat
  5250 | D:7      | Reached * piety under Makhleb
  5507 | D:7      | Found an iron altar of Okawaru.
  5537 | D:7      | Reached skill level 1 in Invocations
  5890 | D:7      | Found a radiant altar of Vehumet.
  6242 | D:8      | Reached skill level 10 in Unarmed Combat
  6275 | D:8      | Noticed a two-headed ogre
  6281 | D:8      | Killed a two-headed ogre
  6282 | D:8      | Reached XP level 10. HP: 48/48 MP: 12/12
  6282 | D:8      | Gained a life (2 lives remaining)
  7363 | D:9      | Reached ** piety under Makhleb
  7512 | D:9      | Noticed Jeremiah
  7520 | D:9      | Killed Jeremiah
  7740 | D:9      | Reached skill level 11 in Unarmed Combat
  8018 | D:9      | Noticed Maggie
  8029 | D:9      | Killed Maggie
  8036 | D:9      | Found a snail-covered altar of Cheibriados.
  8289 | D:10     | Entered Level 10 of the Dungeon
  8289 | D:10     | Found a shimmering blue altar of Sif Muna.
  8332 | D:10     | Found a staircase to the Orcish Mines.
  8530 | D:10     | Found a staircase to the Lair.
  8696 | D:10     | Reached *** piety under Makhleb
  8877 | D:10     | Reached skill level 12 in Unarmed Combat
  9268 | Orc:1    | Entered Level 1 of the Orcish Mines
  9295 | D:10     | Reached XP level 11. HP: 45/52 MP: 14/14
  9420 | Orc:1    | Noticed an orc high priest
  9427 | Orc:1    | Noticed a sun demon
  9431 | Orc:1    | Killed an orc high priest
  9432 | Orc:1    | Reached skill level 10 in Shapeshifting
  9440 | Orc:1    | Annihilated by an ogre
  9440 | Orc:1    | Lost a life (1 life remaining)
  9517 | Orc:1    | Noticed an orc knight
  9531 | Orc:1    | Killed an orc knight
  9543 | Orc:1    | Slain by a warg
  9543 | Orc:1    | Lost a life (0 lives remaining)
  9699 | Orc:1    | Reached **** piety under Makhleb
  9950 | Orc:1    | Noticed an orc high priest
  9960 | Orc:1    | Killed an orc high priest
 10001 | Orc:2    | Entered Level 2 of the Orcish Mines
 10283 | Orc:2    | Noticed an orc warlord
 10515 | Orc:2    | Found a staircase to the Elven Halls.
 10519 | Orc:2    | Found Pittaule's Magic Scroll Shoppe.
 10534 | Orc:2    | Bought a scroll of poison for 40 gold pieces
 10534 | Orc:2    | Bought a scroll of teleportation for 30 gold pieces
 10534 | Orc:2    | Bought a scroll of identify for 20 gold pieces
 10534 | Orc:2    | Bought a scroll of poison for 40 gold pieces
 10534 | Orc:2    | Bought a scroll of identify for 20 gold pieces
 10534 | Orc:2    | Bought 3 scrolls of fog for 120 gold pieces
 10534 | Orc:2    | Bought a scroll of identify for 20 gold pieces
 10640 | Orc:2    | Noticed an orc sorcerer
 10652 | Orc:2    | Killed an orc sorcerer
 10660 | Orc:2    | Reached skill level 13 in Unarmed Combat
 10661 | Orc:2    | Slain by an orc

Illustrated notes

Levels and vault maps discovered:
D:1:      lightli_molten_gateway, layout_basic, serial_shops, shop
D:2:      layout_loops_ring, shapermc_ecumenical_altar_mp_highgroup
D:3:      layout_basic, nicolae_ru_sacrificial_ziggurat, lemuel_crystal_altar
D:4:      layout_gridville, nicolae_overflow_crystal_walls,
          minmay_goblin_kobold_house
D:5:      layout_basic, grunt_dithmenos_shadows,
          mainiacjoe_overflow_surrounded_room, enter_ossuary_3
D:6:      layout_rooms, grunt_temple_overflow_holy_war,
          regret_index_temple_of_mockery, temple_fountains
D:7:      layout_rooms, mainiacjoe_overflow_brackets, vehumet_statue
D:8:      layout_basic
D:9:      layout_long_grid, slow_altar_2, uniq_maggie, uniq_jeremiah
D:10:     layout_stronghold, mainiacjoe_overflow_chevrons,
          erik_lair_orcish_takeover, david_orc_3
Temple:   hellmonk_temple_divided_pantheon
Orc:1:    layout_caves, mines1_david
Orc:2:    pf_orc_diabolical, layout_diamond_mine, serial_shops, shop_coins

Skill      XL: |  1  2  3  4  5  6  7  8  9 10 11 |
---------------+----------------------------------+-----
Shapeshifting  | 3 4 6 7 8 9 10 | 10.9
Dodging        | 3 4 5 6 7 9 |  9.8
Stealth        | 1 2 3 4 |  4.3
Unarmed Combat | 4 5 7 8 10 12 13 | 13.0
Fighting       | 2 3 |  3.7
Evocations     | 3 4 |  4.0
Invocations    | 2 3 |  3.1

Action                     |  1- 3 |  4- 6 |  7- 9 | 10-12 || total
---------------------------+-------+-------+-------+-------++-------
  Melee: Unarmed           |    87 |   163 |   321 |   424 ||   995
         Bite              |     4 |    14 |    36 |    50 ||   104
         Punch             |       |     3 |     5 |    20 ||    28
 Invoke: Minor Destruction |       |       |       |     1 ||     1
         Lesser Servant of |       |       |       |     1 ||     1
         Major Destruction |       |       |       |     1 ||     1
  Evoke: Wand              |       |       |     7 |    11 ||    18
    Use: Scroll            |     5 |     8 |     7 |     9 ||    29
         Potion            |     2 |     3 |     1 |     3 ||     9
   Stab: Sleeping          |     5 |     3 |     4 |       ||    12
         Invisible         |       |       |       |     4 ||     4
 Armour: Skin              |    26 |    61 |   106 |   142 ||   335
  Dodge: Dodged            |    67 |   115 |   333 |   482 ||   997
   Form: Flux              |       |       |     1 |       ||     1
         Blade             |       |       |       |     1 ||     1
